 Dungeon Crawl Stone Soup version 0.18.1-48-g4cf74bf (webtiles) character file.

196 nikopol the Chopper (level 5, 0/48 HPs)
             Began as a Hill Orc Berserker on Aug 9, 2016.
             Was a Priest of Trog.
             Slain by an orc wizard
             ... wielding a +0 dagger
              (1 damage)
             ... on level 3 of the Dungeon.
             The game lasted 00:03:48 (1802 turns).

nikopol the Chopper (Hill Orc Berserker)            Turns: 1802, Time: 00:03:49

Health: 0/48       AC:  8    Str: 21    XL:     5   Next: 74%
Magic:  5/5        EV: 10    Int:  7    God:    Trog [***...]
Gold:   194        SH:  0    Dex: 10    Spells: 0 memorised, 4 levels left

rFire  . . .     SeeInvis .     a - +0 hand axe
rCold  . . .     Gourm    .     u - +0 scale mail
rNeg   . . .     Faith    .     (no shield)
rPois  .         Spirit   .     t - +2 hat
rElec  .         Dismiss  .     (no cloak)
rCorr  .         Reflect  .     (no gloves)
SustAt .         Harm     .     (no boots)
MR     .....                    (no amulet)
Stlth  ..........               (no ring)
                                (no ring)

@: exhausted, slowed, very slow, not resistant to hostile enchantments,
extremely unstealthy
A: no striking features
a: Berserk, Trog's Hand, Burn Spellbooks, Renounce Religion


You were on level 3 of the Dungeon.
You worshipped Trog.
Trog was most pleased with you.
You were very hungry.

You visited 1 branch of the dungeon, and saw 3 of its levels.

You collected 194 gold pieces.

Inventory:

Hand Weapons
 a - a +0 hand axe (weapon)
Missiles
 f - 52 arrows (quivered)
Armour
 b - a +0 animal skin
 m - a +0 ring mail
 t - a +2 hat (worn)
 u - a +0 scale mail (worn)
Jewellery
 j - an uncursed amulet of guardian spirit {unknown}
Scrolls
 d - 2 scrolls of identify {unknown}
 e - a scroll of immolation {unknown}
 i - 2 scrolls of teleportation {unknown}
 l - 2 scrolls of recharging {unknown}
 n - a scroll of enchant armour {unknown}
 q - a scroll of magic mapping {unknown}
 r - a scroll of remove curse {unknown}
Potions
 g - a potion of might {unknown}
 k - 2 potions of brilliance {unknown}
 o - a potion of ambrosia {unknown}
 p - 2 potions of flight {unknown}
 s - a potion of curing {unknown}
Comestibles
 c - 2 bread rations
 h - a meat ration
 v - a chunk of flesh


   Skills:
 + Level 5.2 Fighting
 + Level 5.6 Axes
 + Level 3.2 Armour
 + Level 2.4 Dodging


You had 4 spell levels left.
You didn't know any spells.

Dungeon Overview and Level Annotations

Branches:
Dungeon (3/15)

Altars:
Cheibriados
Dithmenos


Message History

You are too injured to fight recklessly!
You slash the orc!
You kill the orc!
Trog accepts your kill.
You hit something.
Something hits you but does no damage. x2
You miss something.
You hear some strange, mumbled words.
A puff of flame appears from out of thin air!
The puff of flame hits you!
* * * LOW HITPOINT WARNING * * *
Something hits you but does no damage. x2
You hit something but do no damage. Something hits you but does no damage.
You hear some strange, mumbled words.
A magic dart appears from out of thin air!
The magic dart hits you!
* * * LOW HITPOINT WARNING * * *
You barely miss something.
Something hits you but does no damage. x2
You hit something but do no damage.
Something hits you but does no damage. x2
You closely miss something. Something hits you.
You die...

##### #...# #.....
#...# #.... #...# #...#
#...# #...# ##...##
#...#
########.....###..)#
...............†)..+
.....###.###.###@..####
.....# #.#
#.#(......... .....#
#.# #..(..#####..
.....###.#####)#.#
.......#.#...#.#.#
.....#.#.#.#.#.#..
###+##.#.....#.#######
# # .......).......#
..# %#.#.
########.#.....#
#?##.....


There were no monsters in sight!

Vanquished Creatures
  A howler monkey (D:3)
  An orc wizard (D:3)
  Terence (D:3)
  4 adders
  An ooze (D:3)
  A worm (D:2)
  A giant gecko (D:2)
  6 orcs (D:3)
  3 giant cockroaches
  6 goblins
  5 hobgoblins
  4 jackals (D:2)
  9 kobolds
  4 bats
  6 giant newts
  8 rats
61 creatures vanquished.

Vanquished Creatures (others)
  An orc (D:3)
1 creature vanquished.

Grand Total: 62 creatures vanquished

Notes
Turn   | Place    | Note
--------------------------------------------------------------
     0 | D:1      | nikopol the Hill Orc Berserker began the quest for the Orb.
     0 | D:1      | Reached XP level 1. HP: 19/19 MP: 1/1
   151 | D:1      | Reached XP level 2. HP: 23/27 MP: 2/2
   708 | D:2      | Reached XP level 3. HP: 31/33 MP: 3/3
   737 | D:2      | Reached ** piety under Trog
  1095 | D:2      | Found a shadowy altar of Dithmenos.
  1472 | D:3      | Reached XP level 4. HP: 41/41 MP: 4/4
  1483 | D:3      | Reached skill level 5 in Axes
  1532 | D:3      | Found a faded altar to an unknown god.
  1616 | D:3      | Noticed Terence
  1630 | D:3      | Killed Terence
  1630 | D:3      | Reached XP level 5. HP: 47/47 MP: 5/5
  1726 | D:3      | Reached skill level 5 in Fighting
  1727 | D:3      | Found a snail-covered altar of Cheibriados.
  1794 | D:3      | Reached *** piety under Trog
  1799 | D:3      | HP: 1/48 [something/magic dart (6)]
  1802 | D:3      | Slain by an orc wizard

Skill      XL: |  1  2  3  4  5 |
---------------+----------------+-----
Fighting       | 4 5 |  5.2
Axes           | 5 |  5.6
Dodging        | 2 |  2.4
Armour         | 3 |  3.2

Action                   |  1- 3 |  4- 6 || total
-------------------------+-------+-------++-------
Melee: Hand axe          |   120 |    82 ||   202
Invok: Berserk           |       |     2 ||     2
 Stab: Sleeping          |     2 |       ||     2
  Eat: Chunk             |     1 |     3 ||     4
Armor: Animal skin       |     5 |       ||     5
       Ring mail         |    24 |    13 ||    37
       Scale mail        |       |    50 ||    50
Dodge: Dodged            |    62 |    57 ||   119
